 Dungeon Crawl Stone Soup version 0.18.1-50-g88ac8fd (webtiles) character file.

21 Amnesiac the Charlatan (level 2, 0/14 HPs)
             Began as a Vine Stalker Artificer on July 6, 2018.
             Slain by a worm (8 damage)
             ... on level 4 of the Dungeon.
             The game lasted 00:00:58 (382 turns).

Amnesiac the Charlatan (Vine Stalker Artificer)      Turns: 382, Time: 00:00:59

Health: 0/14       AC:  3    Str: 13    XL:     2   Next: 87%
Magic:  0/5        EV: 11    Int: 12    God:
Gold:   24         SH:  3    Dex: 14    Spells: 0 memorised, 1 level left

rFire  . . .     SeeInvis .     a - +0 short sword
rCold  . . .     Gourm    .     b - +0 leather armour
rNeg   . . .     Faith    .     g - +0 buckler
rPois  .         Spirit   +     (no helmet)
rElec  .         Dismiss  .     (no cloak)
rCorr  .         Reflect  .     (no gloves)
SustAt .         Harm     .     (no boots)
MR     .....                    (no amulet)
Stlth  ++........               (no ring)
                                (no ring)

@: not resistant to hostile enchantments, unstealthy
A: fangs 2, regeneration 1, magic shield, antimagic bite, no device heal 3, rot
immunity
a: no special abilities


You were on level 4 of the Dungeon.
You were not hungry.

You visited 1 branch of the dungeon, and saw 4 of its levels.

You collected 24 gold pieces.

Inventory:

Hand Weapons
 a - a +0 short sword (weapon)
Armour
 b - a +0 leather armour (worn)
 g - a +0 buckler (worn)
Wands
 c - a wand of flame (15/48)
 d - a wand of enslavement (15/24)
 e - a wand of random effects (15/48)
Scrolls
 h - a scroll of enchant armour {!r, unknown}
 m - a scroll of teleportation {!r, unknown}
Potions
 i - a potion of curing {!q, unknown}
 j - 3 potions of flight {!q, unknown}
 l - a potion of degeneration {!q, unknown}
Comestibles
 f - 2 bread rations
 k - a slice of pizza


   Skills:
 - Level 0.8 Fighting
 + Level 2.0 Short Blades
 - Level 1.5 Dodging
 - Level 1.2 Stealth
 - Level 3.0 Evocations


You had one spell level left.
You didn't know any spells.

Dungeon Overview and Level Annotations

Branches:
Dungeon (4/15)
 Temple: D:4-7

Altars:


Innate Abilities, Weirdness & Mutations

You have extremely sharp teeth.
Your natural rate of healing is unusually fast.
When hurt, damage is shared between your health and your magic reserves.
Your bite disrupts and absorbs the magic of your enemies.
Potions and wands cannot restore your health.
You are immune to rotting.


Message History

You block the kobold's attack.
An orc comes into view. It is wielding a club.
The orc shouts!
You hit the kobold but do no damage. You bite the kobold. You drain its power.
The kobold is moderately wounded.
The kobold barely misses you.
A goblin comes into view. It is wielding a club.
The goblin shouts!
You hit the kobold.
The kobold is severely wounded.
The kobold hits you but does no damage.
You barely miss the kobold.
The kobold is severely wounded.
The kobold closely misses you.
An orc comes into view. It is wielding a mace.
The orc shouts!
You hit the kobold.
You kill the kobold!
You hit the orc.
The orc is moderately wounded.
The orc hits you with a club.
An ooze comes into view.
The ooze quivers.
You hit the orc.
The orc is almost dead.
The orc hits you with a club.
An orc comes into view. It is wielding a dagger.
The orc shouts!
You hit the orc.
You kill the orc!
Your Evocations skill increases to level 3!
An orc priest comes into view.
A goblin comes into view.
The orc priest shouts!
There is a stone staircase leading down here.
You climb downwards.
There is a stone staircase leading up here.
Magic restored.
A worm comes into view.
A worm is nearby!
You hit the worm. You bite the worm. You drain its power.
The worm is moderately wounded.
You hit the worm. You bite the worm. You drain its power.
The worm is heavily wounded.
You block the worm's attack.
You hit the worm.
The worm is heavily wounded.
The worm barely misses you.
You hit the worm.
The worm is severely wounded.
You hit the worm.
The worm is severely wounded.
The worm bites you.
You completely miss the worm.
The worm is severely wounded.
You hit the worm.
The worm is almost dead.
The worm bites you!
* * * LOW HITPOINT WARNING * * *
You hit the worm.
The worm is almost dead.
The worm bites you!
Ouch! That really hurt!
You die...

##.# #.##
#.# ##.#
#.## ##.#
#..#
###.##
#.w@.#
#....##..#
...###
#..# ##
#..# ###


You could see a worm.

Vanquished Creatures
  A worm (D:2)
  A giant gecko (D:2)
  An orc (D:3)
  2 bats (D:1)
  A goblin (D:1)
  3 hobgoblins
  2 jackals (D:2)
  A quokka (D:3)
  2 kobolds
14 creatures vanquished.

Notes
Turn   | Place    | Note
--------------------------------------------------------------
     0 | D:1      | Amnesiac the Vine Stalker Artificer began the quest for the Orb.
     0 | D:1      | Reached XP level 1. HP: 9/9 MP: 3/3
    71 | D:1      | Reached skill level 1 in Short Blades
   195 | D:2      | Reached XP level 2. HP: 7/14 MP: 5/5
   351 | D:3      | Reached skill level 3 in Evocations
   382 | D:4      | Slain by a worm

Skill      XL: |  1  2 |
---------------+-------+-----
Short Blades   | 1 2 |  2.0
Evocations     | 3 |  3.0
Fighting       | |  0.8
Dodging        | |  1.5
Stealth        | |  1.2

Action                   || total
-------------------------++-------
Melee: Short sword       ||    62
       Bite              ||    15
 Stab: Sleeping          ||     1
Armor: Leather armour    ||    18
Dodge: Dodged            ||    27
Block: Buckler           ||     7
